Map: Arctic Dream LE

Players

qqq - Winner!

  • Race: Zerg Zerg
  • Spawn Location: 11:00

Massa - Winner!

  • Race: Terran Terran
  • League: Platinum
  • Spawn Location: 12:00

Emulebest

  • Race: Protoss Protoss
  • League: Diamond
  • Spawn Location: 5:00

Efreet

  • Race: Zerg Zerg
  • Spawn Location: 6:00

VOD

Have the link to the VOD?

Description

Time

  • Played on: Oct. 26, 2020, 3:41 p.m.
  • Length: 8:33
Show
View Real Time Build Order
Export as new Build Order

qqq Zerg - Winner!

Build Orders: Hatch First 

Get SALT Encoding   

  12  0:00  Drone  
  13  0:18  Drone  
  14  0:37  Hatchery  
  14  0:41  Drone  
  14  0:56  Spawning Pool  
  13  1:02  Overlord  
  13  1:05  Drone  
  13  1:09  Extractor  
  13  1:12  Drone  
  14  1:22  Drone  
  15  1:26  Drone  
  16  1:36  Drone  
  17  1:59  Drone  
  17  2:00  Drone, Queen  
  21  2:02  Queen  
  23  2:11  Drone x2  
  23  2:13  Drone  
  26  2:29  Drone  
  27  2:31  Metabolic Boost  
  27  2:35  Baneling Nest  
  27  2:36  Drone  
  27  2:38  Drone  
  28  2:45  Overlord  
  28  2:55  Overlord  
  28  3:03  Zergling x2  
  28  3:04  Zergling x2  
  28  3:05  Zergling x6  
  32  3:13  Drone x3  
  35  3:22  Overlord  
  35  3:23  Zergling x4  
  35  3:25  Drone  
  38  3:32  Lair  
  38  3:36  Drone  
  39  3:47  Overlord  
  39  3:48  Zergling x8  
  43  3:49  Drone  
  43  3:51  Baneling  
  43  3:52  Baneling  
  42  4:21  Drone  
  42  4:22  Zergling x8  
  42  4:23  Drone x3  
  42  4:24  Drone x3  
  49  4:37  Zergling x6  
  51  4:53  Zergling x2  
  51  4:54  Zergling x2, Spire  
  52  5:08  Hatchery  
  52  5:13  Zergling x4  
  53  5:14  Zergling x4  
  54  5:23  Zergling x6  
  54  5:24  Zergling x6  
  56  5:44  Zergling x4  
  56  5:45  Zergling x2  
  58  5:58  Zergling x4  
  58  5:59  Overlord x3  
  52  6:18  Baneling  
  46  6:36  Mutalisk  
  46  6:37  Mutalisk  
  46  6:38  Zergling x2  
  46  6:39  Drone x2  
  51  6:40  Drone x3  
  51  6:42  Extractor  
  51  6:43  Extractor  
  50  6:49  Extractor, Zergling x2  
  50  6:50  Queen  
  50  6:51  Drone  
  53  7:01  Zergling x2  
  53  7:02  Mutalisk  
  53  7:03  Zergling x4  
  53  7:08  Hatchery  
  54  7:10  Hatchery, Baneling  
  54  7:13  Zergling x2  
  54  7:14  Drone x2, Zergling x4  
  54  7:15  Drone  
  58  7:25  Zergling x6  
  58  7:26  Queen  
  63  7:30  Drone  
  63  7:40  Drone x3  
  63  7:41  Mutalisk  
  63  7:42  Mutalisk  
  70  7:44  Zergling x6  
  70  7:45  Zergling x2  
  74  7:58  Mutalisk x2  
  76  7:59  Zergling x2  
  76  8:00  Zergling x2  
  76  8:01  Drone  
Show
View Real Time Build Order
Export as new Build Order

Massa Terran - Winner!

Build Orders: Reaper Expand 

Get SALT Encoding   

  12  0:00  SCV  
  13  0:12  SCV  
  14  0:17  Supply Depot  
  14  0:24  SCV  
  15  0:38  SCV  
  15  0:40  Barracks  
  16  0:50  SCV  
  16  0:51  Refinery  
  17  1:02  SCV  
  18  1:15  SCV  
  19  1:30  Orbital Command  
  19  1:33  Reaper  
  20  1:40  Command Center  
  20  1:56  SCV  
  21  2:05  Marine  
  22  2:08  SCV  
  23  2:23  Barracks Reactor  
  23  2:32  Barracks, Supply Depot  
  23  2:33  Barracks  
  23  2:37  Factory  
  23  2:41  SCV  
  23  2:52  Orbital Command  
  23  2:53  SCV  
  24  3:03  Marine x2  
  26  3:05  SCV  
  27  3:14  Refinery  
  27  3:17  SCV  
  27  3:19  Barracks Tech Lab  
  28  3:21  Marine x3  
  28  3:23  Factory Reactor  
  31  3:30  SCV  
  31  3:33  SCV  
  33  3:37  Marine  
  33  3:38  Marine  
  33  3:39  Marine x2  
  33  3:40  Stimpack  
  37  3:42  SCV  
  37  3:45  SCV  
  39  3:54  SCV  
  40  3:56  Marauder  
  40  3:57  SCV, Marine  
  40  3:58  Marine x2  
  46  4:14  Supply Depot  
  46  4:35  SCV, Marine  
  46  4:36  Hellion x2, Marauder  
  54  4:40  Supply Depot x2  
  54  4:45  Starport  
  54  4:59  Supply Depot  
  54  5:01  Marine x3  
  54  5:02  Hellion x2, Marauder  
  54  5:05  Supply Depot  
  63  5:19  Marine x3  
  66  5:23  Hellion, Marauder  
  70  5:37  Marine x3  
  63  5:45  Marauder  
  58  5:54  Marine  
  56  5:58  Hellion x2  
  56  6:02  Liberator  
  61  6:05  SCV x2  
  61  6:06  Marauder  
  61  6:08  Refinery  
  65  6:17  SCV x2  
  67  6:19  Hellion  
  67  6:20  Hellion  
  71  6:25  Command Center  
  71  6:28  Marauder  
  71  6:29  SCV  
  73  6:41  Hellion  
  46  7:31  Marauder, Marine  
  46  7:32  Marine x2  
  46  7:35  Widow Mine x2  
  53  7:38  SCV x2  
  53  7:40  Orbital Command  
  55  7:44  Refinery  
  55  7:49  Marine  
  55  7:50  SCV x2, Marine x2  
  60  7:52  Marauder  
  60  7:56  Widow Mine  
  60  7:57  Widow Mine  
  66  8:02  SCV x2  
  65  8:06  SCV  
  65  8:07  Marine x3  
  69  8:14  SCV  
  69  8:15  SCV  
  69  8:18  SCV, Barracks  
Show
View Real Time Build Order
Export as new Build Order

Emulebest Protoss 

Build Orders:  

Get SALT Encoding   

  12  0:01  Probe (Chrono Boost)  
  13  0:14  Pylon  
  13  0:16  Probe (Chrono Boost)  
  14  0:26  Probe  
  15  0:35  Gateway  
  15  0:38  Probe  
  16  0:50  Probe  
  16  0:52  Assimilator  
  17  1:03  Probe  
  18  1:15  Probe  
  19  1:23  Cybernetics Core  
  19  1:27  Probe, Zealot  
  22  1:36  Pylon  
  22  1:39  Probe  
  23  1:40  Assimilator  
  23  2:02  Twilight Council  
  23  2:12  Nexus  
  23  2:17  Probe  
  24  2:26  Resonating Glaives (Chrono Boost), Adept (Chrono Boost)  
  24  2:29  Probe  
  27  2:41  Probe  
  28  3:09  Gateway  
  28  3:11  Gateway  
  28  3:13  Gateway  
  28  3:20  Robotics Facility  
  28  3:24  Probe (Chrono Boost)  
  30  3:27  Probe (Chrono Boost)  
  30  3:36  Probe (Chrono Boost), Warp Gate (Chrono Boost)  
  32  3:42  Probe (Chrono Boost)  
  32  3:59  Probe  
  32  4:00  Probe  
  34  4:08  Pylon  
  34  4:12  Probe x2, Pylon  
  36  4:26  Probe  
  36  4:29  Probe  
  38  4:38  Probe  
  38  4:41  Probe, Assimilator  
  40  4:48  Warp Prism  
  40  4:50  Probe  
  43  4:53  Probe, Gateway  
  43  4:54  Gateway  
  44  5:03  Probe  
  44  5:05  Probe  
  46  5:15  Probe  
  46  5:19  Adept x3  
  46  5:20  Adept  
  49  5:43  Adept  
  49  5:44  Adept x3  
  51  6:08  Adept x4  
  51  6:09  Adept  
  49  6:36  Adept  
  49  6:37  Adept x4  
  53  6:49  Adept  
  49  6:58  Adept x3  
  49  6:59  Adept x3  
  43  7:25  Adept x3  
  43  7:26  Adept x3  
  43  7:48  Stalker x2  
  43  7:49  Stalker  
Show
View Real Time Build Order
Export as new Build Order

Efreet Zerg 

Build Orders: Hatch First 

Get SALT Encoding   

  12  0:00  Drone  
  13  0:13  Overlord  
  13  0:17  Drone  
  14  0:31  Drone x2  
  16  0:39  Drone  
  17  0:51  Hatchery  
  17  0:55  Drone  
  17  0:59  Extractor  
  17  1:00  Drone  
  17  1:16  Spawning Pool  
  17  1:17  Drone  
  17  1:24  Drone  
  18  1:29  Drone  
  19  1:40  Drone  
  20  1:50  Overlord  
  20  2:02  Queen  
  20  2:03  Queen  
  20  2:04  Zergling x4  
  26  2:12  Drone  
  26  2:15  Metabolic Boost  
  27  2:16  Drone  
  28  2:24  Drone  
  29  2:32  Drone  
  30  2:37  Queen  
  30  2:39  Queen  
  30  2:43  Overlord  
  34  2:44  Drone  
  34  2:48  Drone  
  36  2:55  Baneling Nest  
  35  3:01  Overlord  
  35  3:03  Drone  
  36  3:27  Overlord  
  36  3:28  Drone  
  36  3:29  Drone x5  
  36  3:32  Extractor  
  41  3:42  Baneling x3  
  41  3:43  Baneling, Zergling x4  
  41  3:46  Hatchery  
  42  3:51  Lair  
  42  3:55  Zergling x4  
  42  4:30  Drone x3  
  45  4:34  Drone x2, Roach Warren  
  45  4:35  Drone x6, Evolution Chamber  
  45  4:36  Overlord  
  50  4:44  Zergling x2  
  50  4:54  Zergling x4  
  49  5:12  Zerg Missile Weapons Level 1  
  49  5:13  Extractor, Glial Reconstitution  
  43  5:17  Roach  
  43  5:18  Roach x3  
  40  5:34  Roach  
  40  5:35  Zergling x10, Roach  
  41  5:36  Zergling x6  
  28  6:03  Queen x2  
  26  6:04  Drone  
  26  6:05  Drone x4  
  29  6:31  Drone x2  
  29  6:32  Drone  
  32  6:33  Drone x3  
  32  6:35  Drone x2  
  35  6:45  Baneling x2  
  35  6:46  Roach x2  
  36  7:10  Drone x3  
  36  7:11  Drone x2  
  36  7:12  Drone x2  
  43  7:36  Drone  
  44  7:46  Overlord x2  
  44  7:53  Hatchery  
  44  7:57  Queen, Evolution Chamber  
  45  8:10  Spore Crawler  
  44  8:13  Spore Crawler x3  
  44  8:14  Spore Crawler  
  44  8:17  Hydralisk Den, Spore Crawler  
  44  8:18  Drone x2  
  44  8:19  Drone  
  37  8:21  Drone  
Tags
 
Add a new tag
Caveats
  • Supply blocks, unpowered buildings, or Contaminate may cause inaccurate times.
  • Supply counts are checked every 10 seconds.